 Dungeon Crawl Stone Soup version 0.25.0-11-g1f837a76a1 (console) character file.

Game seed: 3803307154159600503

11767 Kagalorn the Carver (level 12, -7/77 HPs)
             Began as a Halfling Ice Elementalist on June 26, 2020.
             Was a Believer of Ashenzari.
             Engulfed by a cloud of flame (15 damage)
             ... in a volcano on June 27, 2020.
             The game lasted 00:44:36 (15116 turns).

Kagalorn the Carver (Halfling Ice Elementalist)    Turns: 15116, Time: 00:44:37

Health: -7/77      AC:  8    Str: 11    XL:     12   Next: 11%
Magic:  0/21       EV: 17    Int: 15    God:    Ashenzari [**....]
Gold:   723        SH:  0    Dex: 19    Spells: 17/23 levels left

rFire    . . .     SeeInvis .   a - +0 long sword (elec)
rCold    . . .     Gourm    .   (shield restricted)
rNeg     . . .     Faith    .   S - +1 leather armour "Judwenge" {+Inv Dex+3}
rPois    .         Spirit   +   Q - +2 helmet
rElec    .         Reflect  .   (no cloak)
rCorr    .         Harm     .   W - +0 pair of gloves (curse)
MR       .....                  (no boots)
Stlth    ++........             H - amulet of guardian spirit (curse)
HPRegen  0.22/turn              u - ring of wizardry (curse)
MPRegen  0.17/turn              V - ring of stealth

@: confused, frozen ramparts
A: small, mutation resistance 1
a: Curse Item, Scrying, Renounce Religion, Evoke Invisibility


You were in a volcano.
You worshipped Ashenzari.
Ashenzari was pleased with you.
You were near starving.

You visited 3 branches of the dungeon, and saw 13 of its levels.
You also visited: Sewer and Volcano.

You collected 723 gold pieces.

Inventory:

Hand Weapons
 a - a +0 long sword of electrocution (weapon)
 b - a +0 hunting sling
 M - a +5 scimitar
 P - a +4 short sword
Missiles
 i - 372 stones
 m - 51 sling bullets
 s - 70 bolts
 t - 10 atropa-tipped darts
 x - 11 boomerangs
 y - 179 arrows
 K - 25 poisoned darts (quivered)
Armour
 J - a +2 leather armour of cold resistance
 Q - a +2 helmet (worn)
 S - the +1 leather armour "Judwenge" (worn) {+Inv Dex+3}
   (You found it on level 8 of the Dungeon)

   It affects your dexterity (+3).
   It lets you turn invisible.
 W - a cursed +0 pair of gloves (worn)
 Z - a +0 kite shield
Magical Staves
 g - an uncursed staff of wizardry
 p - an uncursed staff of fire
Jewellery
 u - a cursed ring of wizardry (left hand)
 H - a cursed amulet of guardian spirit (around neck)
 L - an uncursed ring of see invisible
 V - a ring of stealth (right hand)
Wands
 l - a wand of random effects (11)
 A - a wand of paralysis (9)
 I - a wand of enslavement (20)
 R - a wand of flame (8)
Scrolls
 e - 4 scrolls of remove curse
 f - 3 scrolls of amnesia
 j - 7 scrolls of teleportation
 q - 2 scrolls of enchant weapon
 r - a scroll of magic mapping
 O - a scroll of fog
 T - 2 scrolls of enchant armour
Potions
 d - a potion of resistance
 h - a potion of haste
 k - 7 potions of curing
 n - 3 potions of invisibility
 o - 2 potions of lignification
 v - 5 potions of might
 w - 2 potions of heal wounds
 B - 3 potions of brilliance
 D - a potion of stabbing
 F - 2 potions of mutation
 U - a potion of flight
Comestibles
 c - 21 rations


   Skills:
 - Level 5.0 Fighting
 + Level 13.0 Long Blades
 - Level 5.0 Dodging
 - Level 4.0 Stealth
 - Level 6.0 Spellcasting
 - Level 2.0(3.1) Translocations
 - Level 8.0(9.4) Ice Magic


You had 17 spell levels left.
You knew the following spells:

 Your Spells              Type           Power        Failure   Level  Hunger
a - Freeze                Ice            ####         1%          1    None
b - Frozen Ramparts       Ice            ####..       1%          3    ##.....
h - Blink                 Tloc           N/A          3%          2    #......

Your spell library contained the following spells:

 Spells                   Type           Power        Failure   Level  Hunger
 Ozocubu's Armour         Chrm/Ice       ###.....     3%          3    ##.....
 Animate Skeleton         Necr           N/A          8%          1    None
 Beastly Appendage        Tmut           #.....       8%          1    None
 Magic Dart               Conj           #...         8%          1    None
 Pain                     Necr           #...         8%          1    None
 Call Imp                 Summ           #.......     11%         2    #......
 Searing Ray              Conj           #.....       11%         2    #......
 Slow                     Hex            #.......     11%         2    #......
 Sticks to Snakes         Tmut           #.......     11%         2    #......
 Hailstorm                Conj/Ice       ###.....     11%         4    ####...
 Ice Form                 Ice/Tmut       ###.....     11%         4    ####...
 Summon Ice Beast         Ice/Summ       ###.....     11%         4    ####...
 Conjure Flame            Conj/Fire      #.......     21%         3    ##.....
 Dazzling Flash           Conj/Hex       #.....       21%         3    ##.....
 Mephitic Cloud           Conj/Pois/Air  #.......     21%         3    ##.....
 Spider Form              Tmut/Pois      #.........   21%         3    ##.....
 Vampiric Draining        Necr           #.........   21%         3    ##.....
 Iskenderun's Mystic Bla  Conj/Tloc      #.......     36%         4    ####...
 Animate Dead             Necr           N/A          54%         4    ####...
 Fulminant Prism          Conj/Hex       #.........   54%         4    ####...
 Agony                    Necr           #.......     86%         5    ######.
 Blade Hands              Tmut           #.........   86%         5    ######.
 Bolt of Magma            Conj/Fire/Erth #.........   86%         5    ######.
 Iskenderun's Battlesphe  Conj/Chrm      #.......     87%         5    ######.
 Iron Shot                Conj/Erth      #.........   100%        6    #######
 Orb of Destruction       Conj           #.........   100%        7    #######
 Spellforged Servitor     Conj/Summ      #.........   100%        7    #######


Dungeon Overview and Level Annotations

Branches:
Dungeon (11/15)            Temple (1/1) D:6            Lair (1/6) D:11
    Orc (0/2) D:11          Sewer (visited)         Volcano (1/1)

Altars:
Ashenzari
Cheibriados
Dithmenos
Elyvilon
Fedhas
Gozag
Hepliaklqana
Kikubaaqudgha
Makhleb
Nemelex Xobeh
Okawaru
Qazlal
Ru
Sif Muna
Trog
Uskayaw
Vehumet
Wu Jian
Xom
Yredelemnul
Zin
The Shining One

Shops:
D:6 (   D:7 =


Innate Abilities, Weirdness & Mutations

You are small and have problems with some larger weapons.
You are somewhat resistant to further mutation.


Message History

The wall freezes the alligator skeleton.
The alligator skeleton closely misses you.
The alligator skeleton tail-slaps you.
The alligator skeleton completely resists.
The wall freezes the alligator skeleton but do no damage.
You slash the alligator skeleton!
Lightning courses through the alligator skeleton!
You destroy the alligator skeleton!
Your Long Blades skill increases to level 13!
In the distance, the volcano erupts with a roar.
You are engulfed in blazing flames.
* * * LOW HITPOINT WARNING * * *
You are engulfed in blazing flames.
* * * LOW HITPOINT WARNING * * *
You feel much better.
You are engulfed in blazing flames.
* * * LOW HITPOINT WARNING * * *
You are confused.
You feel invigorated.
You are engulfed in blazing flames.
You die...

# ##### ....#### ..#....##
........### ####
≈≈........### ...#
≈≈≈§.....°.°### ##.∩.###
≈≈≈§§.≈..°.°.°#######......##
§≈≈§≈≈§.≈≈..°°°.@##9........,
§§≈§§§≈§≈°≈○§..°°°###.#..#.#
*
§§≈§§≈§§≈≈≈≈°°.°°.°°☼....9.#
§§≈§≈≈§§≈≈≈≈.°°°≈°###.#..#.#
* ≈≈≈§≈≈≈≈≈≈..°.°##9........
≈≈≈§§≈≈§≈°°≈≈######......##
≈§≈°°°≈°## ##.##.## ≈ ≈
≈≈≈°≈§°# .# Z#, ≈ §≈≈°# ***.#
#**


There were no monsters in sight!

Vanquished Creatures
  2 two-headed ogres
  An ugly thing (D:7)
  A cyclops (D:11)
  2 gargoyles (Volcano)
  A komodo dragon (D:11)
  A troll (D:10)
  2 flying skulls (Volcano)
  An alligator skeleton (Volcano)
  A human (D:7)
  4 hogs (D:7)
  A hungry ghost (D:7)
  Grum (Lair:1)
  2 steam dragons
  A water moccasin (D:11)
  4 orc warriors
  5 ice beasts
  A black bear (D:8)
  An eye of draining (D:7)
  A necrophage (D:10)
  3 sky beasts
  2 wolves (Lair:1)
  6 centaurs
  2 phantoms
  7 ogres
  A crocodile (Lair:1)
  6 big kobolds
  4 bullfrogs
  4 scorpions
  9 wights
  A spriggan skeleton (Volcano)
  3 howler monkeys
  8 crimson imps
  A bullfrog zombie (D:9)
  2 jellies
  2 quasits
  8 hounds
  13 orc priests
  2 bullfrog skeletons
  A centaur skeleton (D:9)
  14 orc wizards
  Natasha (thrice) (D:4)
  5 iguanas
  7 worker ants
  A naga skeleton (Volcano)
  2 hound skeletons (D:10)
  A howler monkey zombie (D:7)
  7 gnolls
  A howler monkey skeleton (D:6)
  15 adders
  4 river rats
  3 shadow imps
  7 oozes
  An adder zombie (D:5)
  4 adder skeletons
  6 worms
  4 dart slugs
  6 leopard geckos
  59 orcs
  7 giant cockroaches
  12 goblins
  5 hobgoblins
  3 jackals (D:6)
  21 kobolds
  4 quokkas
  6 ball pythons
  2 bats
  A frilled lizard (D:1)
  A leopard gecko skeleton (D:7)
  15 rats
345 creatures vanquished.

Vanquished Creatures (others)
  An anaconda skeleton (Volcano)
  A flying skull (Volcano)
  A fungus (D:10)
  A plant (D:11)
4 creatures vanquished.

Grand Total: 349 creatures vanquished

Notes
Turn   | Place    | Note
-------+----------+-------------------------------------------
     0 | D:1      | Kagalorn the Halfling Ice Elementalist began the quest for
                  | the Orb.
     0 | D:1      | Reached XP level 1. HP: 11/11 MP: 3/3
   254 | D:1      | Reached XP level 2. HP: 17/17 MP: 0/4
   848 | D:1      | Reached XP level 3. HP: 21/21 MP: 2/5
  1060 | D:1      | Reached skill level 5 in Ice Magic
  1393 | D:2      | Found a shimmering altar of Xom.
  1417 | D:2      | Noticed a scorpion
  1428 | D:2      | Learned a level 3 spell: Frozen Ramparts
  1438 | D:2      | Killed a scorpion
  1438 | D:2      | Reached XP level 4. HP: 27/27 MP: 0/6
  1675 | D:2      | Found a sparkling altar of Nemelex Xobeh.
  1797 | D:2      | Reached XP level 5. HP: 31/31 MP: 1/7
  2561 | D:3      | Found a glowing drain.
  2621 | Sewer    | Entered a sewer
  2894 | Sewer    | Reached XP level 6. HP: 31/36 MP: 5/8
  3335 | Sewer    | Reached XP level 7. HP: 29/41 MP: 2/9
  3953 | D:3      | Reached skill level 1 in Fighting
  4190 | D:3      | Found an iron altar of Okawaru.
  4367 | D:4      | Noticed Natasha
  4608 | D:4      | Killed Natasha
  5012 | D:4      | Noticed Natasha
  5021 | D:4      | Killed Natasha
  5103 | D:4      | Reached XP level 8. HP: 43/50 MP: 11/11
  5483 | D:4      | Noticed Natasha
  5497 | D:4      | Killed Natasha
  5907 | D:5      | Entered Level 5 of the Dungeon
  6639 | D:5      | Found a radiant altar of Vehumet.
  6948 | D:6      | Reached skill level 5 in Dodging
  7007 | D:6      | Reached XP level 9. HP: 57/57 MP: 3/14
  7089 | D:6      | Found Kileakam's Weapon Boutique.
  7283 | D:6      | Found a staircase to the Ecumenical Temple.
  7300 | Temple   | Entered the Ecumenical Temple
  7517 | Temple   | Became a worshipper of Ashenzari the Shackled
  7806 | D:6      | Reached skill level 1 in Long Blades
  8020 | D:6      | Reached skill level 2 in Long Blades
  8274 | D:7      | Found Witipt's Jewellery Boutique.
  8302 | D:7      | Reached skill level 5 in Fighting
  8313 | D:7      | Found a transporter.
  8314 | D:7      | Found a transporter.
  8518 | D:7      | Reached skill level 3 in Long Blades
  8644 | D:7      | Reached skill level 5 in Spellcasting
  8661 | D:7      | Reached skill level 4 in Long Blades
  8727 | D:7      | Reached XP level 10. HP: 60/66 MP: 14/18
  8952 | D:7      | Noticed a cyan ugly thing
  9040 | D:7      | Reached skill level 5 in Long Blades
  9063 | D:7      | Reached skill level 6 in Long Blades
  9463 | D:7      | Killed a cyan ugly thing
  9463 | D:7      | Reached skill level 7 in Long Blades
  9634 | D:7      | Learned a level 2 spell: Blink
  9973 | D:7      | Reached skill level 8 in Long Blades
 10504 | D:8      | Found a stormy altar of Qazlal.
 10577 | D:8      | Reached * piety under Ashenzari
 10580 | D:8      | Got the uncursed leather armour "Judwenge" {+Inv Dex+3}
 10597 | D:8      | Identified the +1 leather armour "Judwenge" {+Inv Dex+3}
                  | (You found it on level 8 of the Dungeon)
 10727 | D:8      | Found a shadowy altar of Dithmenos.
 10748 | D:8      | Reached skill level 1 in Translocations
 10893 | D:9      | Noticed a two-headed ogre
 10929 | D:9      | Killed a two-headed ogre
 10929 | D:9      | Reached skill level 9 in Long Blades
 10929 | D:9      | Reached XP level 11. HP: 71/71 MP: 13/20
 11349 | D:9      | Reached skill level 10 in Long Blades
 11887 | D:10     | Entered Level 10 of the Dungeon
 11944 | D:10     | Noticed a two-headed ogre
 12048 | D:10     | Killed a two-headed ogre
 12219 | D:10     | Reached skill level 11 in Long Blades
 13055 | D:11     | Found a staircase to the Lair.
 13473 | D:11     | Reached ** piety under Ashenzari
 13500 | D:11     | Noticed a cyclops
 13516 | D:11     | Killed a cyclops
 13710 | D:11     | Found a staircase to the Orcish Mines.
 13717 | D:11     | Reached skill level 12 in Long Blades
 14647 | Lair:1   | Entered Level 1 of the Lair of Beasts
 14647 | Lair:1   | Noticed Grum
 14663 | Lair:1   | Killed Grum
 14768 | Lair:1   | Found a dark tunnel.
 14803 | Volcano  | Entered a volcano
 15054 | Volcano  | Reached XP level 12. HP: 77/77 MP: 17/21
 15112 | Volcano  | Reached skill level 13 in Long Blades
 15116 | Volcano  | Engulfed by a cloud of flame

Illustrated notes

Levels and vault maps discovered:
D:1:      matt_arrival_los_fun, layout_loops_ring, minmay_close_crescents
D:2:      layout_loops_ring, xom_butterflies, lemuel_round_altar, first_ration
D:3:      layout_rooms, okawaru_gym_becter, portal_sewer_entry_e
D:4:      layout_cave_pods, grunt_ministairs_12, uniq_natasha
D:5:      layout_cave_pools, basic_altar
D:6:      layout_loops_ring, minmay_temple_entry_tees, serial_shops,
          nicolae_shop_competitors_out_of_business, st_stairs_7
D:7:      gammafunk_the_bubble [the_bubble_gammafunk_split], layout_loops_ring,
          serial_shops, kennysheep_little_box, grunt_livestock
D:8:      layout_rooms, kennysheep_mini, lemuel_statue_altar
D:9:      layout_cave_pods
D:10:     kennysheep_steamy, layout_long_grid
D:11:     layout_layer_cave, david_lair_shrubbed, erik_orc_3,
          grunt_decor_fettered
Temple:   dpeg_five_rooms_temple
Lair:1:   layout_loops_ring, enter_volcano_4, grunt_megastairs_3, uniq_grum
Volcano:  volcano_tomb [vts_chambers]

Skill      XL: |  1  2  3  4  5  6  7  8  9 10 11 12 |
---------------+-------------------------------------+-----
Ice Magic      | 5 6 8 |  8.0
Fighting       | 1 3 5 |  5.0
Spellcasting   | 2 3 5 6 |  6.0
Dodging        | 3 5 |  5.0
Stealth        | 3 4 |  4.0
Long Blades    | 4 9 12 13 | 13.0
Translocations | 2 |  2.0

Action                   |  1- 3 |  4- 6 |  7- 9 | 10-12 || total
-------------------------+-------+-------+-------+-------++-------
Melee: Unarmed           |    19 |       |       |       ||    19
       Dagger            |    10 |       |       |       ||    10
       Short sword       |       |    69 |   287 |   130 ||   486
       Long sword        |       |       |       |   261 ||   261
 Fire: Hunting sling     |       |       |    33 |       ||    33
Throw: Stone             |       |       |     1 |       ||     1
       Dart              |       |       |       |    19 ||    19
 Cast: Freeze            |    44 |    55 |    20 |    29 ||   148
       Frozen Ramparts   |     1 |     5 |    42 |    67 ||   115
Invok: Curse Item        |       |       |     2 |       ||     2
Evoke: Wand              |       |       |       |     1 ||     1
  Use: Scroll            |     3 |     1 |    15 |     4 ||    23
       Potion            |       |       |       |     4 ||     4
 Stab: Sleeping          |     2 |     2 |    10 |     8 ||    22
       Distracted        |       |       |     1 |     1 ||     2
  Eat: Chunk             |     3 |     5 |    24 |    24 ||    56
       Ration            |       |     1 |       |       ||     1
Armor: Robe              |     7 |     4 |    15 |       ||    26
       Leather armour    |       |       |    33 |   103 ||   136
       Skin              |       |       |       |     3 ||     3
Dodge: Dodged            |    36 |    73 |   225 |   344 ||   678
       Rpst.: Long sword |       |       |       |    62 ||    62
